 Dungeon Crawl Stone Soup version 0.22.0-18-ge075c0d (webtiles) character file.

4 NormalPerson7T the Gusty (level 1, 0/13 (15) HPs)
             Began as a Ghoul Air Elementalist on Aug 18, 2018.
             Slain by a hobgoblin
             ... wielding a +0 club
              (4 damage)
             ... on level 1 of the Dungeon.
             The game lasted 00:00:18 (316 turns).

NormalPerson7T the Gusty (Ghoul Air Elementalist)    Turns: 316, Time: 00:00:19

HP:   0/13 (15)     AC:  5    Str: 11    XL:     1   Next: 70%
MP:   2/2           EV: 10    Int: 10    God:
Gold: 22            SH:  0    Dex:  9    Spells: 2/3 levels left

rFire    . . .     SeeInvis .     - Unarmed
rCold    + . .     Gourm    .   (no shield)
rNeg     + + +     Faith    .   f - +0 ring mail
rPois    ∞         Spirit   .   (no helmet)
rElec    .         Reflect  .   (no cloak)
rCorr    .         Harm     .   (no gloves)
MR       .....                  (no boots)
Stlth    +.........             (no amulet)
HPRegen  0.00/turn              (no ring)
MPRegen  0.08/turn              (no ring)

@: rotting
A: rotting body, claws 1, carnivore, cold resistance 1, negative energy
resistance 3, inhibited regeneration, torment resistance, unbreathing
a: no special abilities


You were on level 1 of the Dungeon.
You were not hungry.

You visited 1 branch of the dungeon, and saw 1 of its levels.

You collected 22 gold pieces.

Inventory:

Armour
 a - a +0 robe
 f - a +0 ring mail (worn)
Scrolls
 b - a scroll of identify {unknown}
 d - a scroll of fog {unknown}
 e - a scroll of fear {unknown}
Comestibles
 c - a ration


   Skills:
 + Level 0.5 Fighting
 - Level 1.7 Dodging
 - Level 2.1 Stealth
 * Level 1.0 Unarmed Combat
 - Level 1.7 Spellcasting
 - Level 0.7 Conjurations
 - Level 2.4 Air Magic


You had 2 spell levels left.
You knew the following spells:

 Your Spells              Type           Power        Failure   Level  Hunger
a - Shock                 Conj/Air       #...         38%         1    ##.....

Your spell library contained the following spells:

 Spells                   Type           Power        Failure   Level  Hunger
 Swiftness                Chrm/Air       #.......     58%         2    ###....
 Static Discharge         Conj/Air       #.......     77%         3    ####...
 Airstrike                Air            #.........   96%         4    #####..
 Lightning Bolt           Conj/Air       #.........   100%        5    ######.


Dungeon Overview and Level Annotations

Branches:
Dungeon (1/15)

Altars:


Innate Abilities, Weirdness & Mutations

Your body is rotting away.
You thrive on raw meat.
You are immune to poison.
You have sharp fingernails.
You are carnivorous and can eat meat at any time.
Your flesh is cold resistant. (rC+)
You are immune to negative energy. (rN+++)
You do not regenerate when monsters are visible.
You are immune to unholy pain and torment.
You can survive without breathing.


Message History

There are monsters nearby!
There are monsters nearby!
Found a scroll labeled XYGETUSM ETHRIB.
You miss the leopard gecko. The leopard gecko barely misses you.
You scratch the leopard gecko but do no damage.
The leopard gecko bites you.
You scratch the leopard gecko.
The leopard gecko is heavily wounded.
The leopard gecko bites you. The leopard gecko barely misses you.
You scratch the leopard gecko.
The leopard gecko is almost dead.
The leopard gecko bites you but does no damage.
You scratch the leopard gecko.
You kill the leopard gecko!
Your Unarmed Combat skill increases to level 1!
You scratch the hobgoblin but do no damage.
The hobgoblin hits you with a club.
You scratch the hobgoblin but do no damage.
The hobgoblin hits you with a club.
You die...

## ###########..
..........# #........#
#........# #####+###
#........#
#.......#######.#####...
#.......##.....@#####
##...........####g...#
.............# #....#
.............# #....#
...###.......# #....#
..## ####....# #....#
..# #....# #...... ..#
#....# #....### ..#
#....# #....#


You could see a hobgoblin.

Vanquished Creatures
  A dart slug (D:1)
  A leopard gecko (D:1)
2 creatures vanquished.

Notes
Turn   | Place    | Note
-------+----------+-------------------------------------------
     0 | D:1      | NormalPerson7T the Ghoul Air Elementalist began the quest for the Orb.
     0 | D:1      | Reached XP level 1. HP: 14/14 MP: 2/2
   314 | D:1      | Reached skill level 1 in Unarmed Combat
   316 | D:1      | Slain by a hobgoblin

Skill      XL: |  1 |
---------------+----+-----
Unarmed Combat | 1 |  1.0
Fighting       | |  0.5
Dodging        | |  1.7
Stealth        | |  2.1
Spellcasting   | |  1.7
Conjurations   | |  0.7
Air Magic      | |  2.4

Action                   || total
-------------------------++-------
Melee: Unarmed           ||    16
Armor: Robe              ||     1
       Ring mail         ||     1
Dodge: Dodged            ||     5
